 Dungeon Crawl Stone Soup version 0.20.0-14-g326068f (webtiles) character file.

67 Rrauwl the Slasher (level 4, -4/37 HPs)
             Began as a Barachi Monk on June 9, 2017.
             Was a Believer of Cheibriados.
             Slain by a hippogriff (9 damage)
             ... on level 3 of the Dungeon.
             The game lasted 00:05:17 (1473 turns).

Rrauwl the Slasher (Barachi Monk)                   Turns: 1473, Time: 00:05:18

Health: -4/37      AC:  5    Str: 17 (18) XL:     4   Next: 16%
Magic:  4/4        EV:  7    Int: 13 (14) God:    Cheibriados [**....]
Gold:   142        SH:  0    Dex: 16 (18) Spells: 3/3 levels left

rFire    + . .     SeeInvis .   a - +0 falchion
rCold    . . .     Gourm    .   r - +0 shield
rNeg     . . .     Faith    .   g - +0 ring mail
rPois    .         Spirit   .   (no helmet)
rElec    .         Reflect  .   (no cloak)
rCorr    .         Harm     .   (no gloves)
MR       .....                  (no boots)
Stlth    ..........             (no amulet)
Regen    0.2/turn               o - ring of protection from fire
MPRegen  0.1/turn               (no ring)

@: confused, constricted, very slow
A: +LOS, swims, slowness 1, strong legs 1
a: Hop, Bend Time, Renounce Religion


You were on level 3 of the Dungeon.
You worshipped Cheibriados.
Cheibriados was pleased with you.
You were not hungry.

You visited 1 branch of the dungeon, and saw 3 of its levels.

You collected 142 gold pieces.

Inventory:

Hand Weapons
 a - a +0 falchion (weapon)
 b - a +0 hunting sling
Missiles
 d - 63 stones (quivered)
 j - 75 sling bullets
 k - 49 bolts
Armour
 g - a +0 ring mail (worn)
 r - a +0 shield (worn)
Jewellery
 o - a ring of protection from fire (left hand)
Scrolls
 e - a scroll of recharging {unknown}
 i - 3 scrolls of blinking {unknown}
 n - a scroll of amnesia {unknown}
 q - a scroll of enchant armour {unknown}
 s - 2 scrolls of identify {unknown}
 v - 2 scrolls of remove curse {unknown}
Potions
 l - a potion of haste {unknown}
 m - a potion of flight {unknown}
 t - a potion of curing
 x - a potion of lignification {unknown}
Comestibles
 c - a bread ration
 f - 5 chunks of flesh
 p - 5 fruits
 u - a meat ration


   Skills:
 - Level 4.0 Fighting
 + Level 4.4 Long Blades
 + Level 1.0 Armour
 - Level 4.0 Dodging
 - Level 2.1 Stealth
 + Level 0.9 Shields


You had 3 spell levels left.
You didn't know any spells.

Dungeon Overview and Level Annotations

Branches:
Dungeon (3/15)

Altars:
Cheibriados


Innate Abilities, Weirdness & Mutations

Shadows flee at your approach. (+LOS)
You can swim through water.
You cover ground slowly.
You can hop short distances.


Message History

* * * LOW HITPOINT WARNING * * *
You bump into the rock wall.
The ball python barely misses you. The ball python constricts you.
The hippogriff bites you.
* * * LOW HITPOINT WARNING * * *
The hippogriff pecks you.
* * * LOW HITPOINT WARNING * * *
The hippogriff claws you.
* * * LOW HITPOINT WARNING * * *
You hit the hippogriff.
The hippogriff is lightly wounded.
The ball python bites you but does no damage.
The ball python constricts you. The hippogriff bites you.
* * * LOW HITPOINT WARNING * * *
The hippogriff pecks you.
* * * LOW HITPOINT WARNING * * *
The hippogriff barely misses you.
The ball python bites you but does no damage.
The ball python constricts you.
You bump into the rock wall.
The hippogriff bites you!
You die...

#.#......!..... ...............
.............. .
###.#...........
...###.....S........
.......#.......... .
.......(..##....# #.
.......#gSH##..### ..
.........##....#@......# .#
..............###......# .#
............#. #......# .#
...........##.###..[...##.#
..........# #...#.........#
..........# ##)........#..#####
#.........####..#.............#
#.........##..........<.......#
................####..........#


You could see a hippogriff, a goblin and a ball python.

Vanquished Creatures
  2 worms
  2 dart slugs
  2 leopard geckos
  An orc (D:3)
  A ball python (D:1)
  6 bats
  3 giant cockroaches
  8 hobgoblins
  2 kobolds
  2 quokkas (D:2)
  3 frilled lizards
  7 goblins
  12 rats
51 creatures vanquished.

Vanquished Creatures (others)
  4 toadstools (D:1)
4 creatures vanquished.

Grand Total: 55 creatures vanquished

Notes
Turn   | Place    | Note
-------+----------+-------------------------------------------
     0 | D:1      | Rrauwl the Barachi Monk began the quest for the Orb.
     0 | D:1      | Reached XP level 1. HP: 18/18 MP: 1/1
   149 | D:1      | Reached XP level 2. HP: 16/25 MP: 2/2
   498 | D:1      | Reached XP level 3. HP: 30/30 MP: 3/3
  1039 | D:2      | Found a snail-covered altar of Cheibriados.
  1073 | D:2      | Became a worshipper of Cheibriados the Contemplative
  1073 | D:2      | Reached * piety under Cheibriados
  1073 | D:2      | Reached ** piety under Cheibriados
  1345 | D:3      | Reached XP level 4. HP: 37/37 MP: 4/4
  1404 | D:3      | Reached skill level 1 in Armour
  1459 | D:3      | Noticed a hippogriff
  1471 | D:3      | HP: 1/37 [hippogriff (4)]
  1473 | D:3      | Slain by a hippogriff

Skill      XL: |  1  2  3  4 |
---------------+-------------+-----
Stealth        | 2 |  2.1
Long Blades    | 4 |  4.4
Fighting       | 4 |  4.0
Dodging        | 4 |  4.0
Armour         | 1 |  1.0
Shields        | |  0.9

Action                   |  1- 3 |  4- 6 || total
-------------------------+-------+-------++-------
Melee: Falchion          |   123 |    18 ||   141
 Fire: Hunting sling     |       |     3 ||     3
Invok: Bend Time         |       |     1 ||     1
  Use: Potion            |       |     3 ||     3
 Stab: Sleeping          |     1 |     1 ||     2
  Eat: Chunk             |     2 |       ||     2
Armor: Ring mail         |    30 |    13 ||    43
       Robe              |     2 |       ||     2
Dodge: Dodged            |    90 |    10 ||   100
Block: Shield            |     4 |     6 ||    10
       Rpst.: Falchion   |    32 |     3 ||    35
